 Dungeon Crawl Stone Soup version 0.30-a0-1160-g6e42c06551 (webtiles) character file.

Game seed: 17835554114949569776

8 jlumianski the Trooper (level 2, -1/24 HPs)
             Began as a Demonspawn Fighter on Apr 26, 2023.
             Frozen to death by an endoplasm (4 damage)
             ... on level 1 of the Dungeon.
             The game lasted 00:00:50 (145 turns).

jlumianski the Trooper (Demonspawn Fighter)          Turns: 145, Time: 00:00:51

Health: -1/24      AC:  6    Str: 16    XL:     2   Next: 0%
Magic:  2/2        EV:  8    Int:  9    God:
Gold:   24         SH:  4    Dex: 12    Spells: 1/1 levels left

rFire   . . .        a - +0 war axe
rCold   . . .        c - +0 buckler
rNeg    . . .        b - +0 scale mail
rPois   .            (no helmet)
rElec   .            (no cloak)
rCorr   .            (no gloves)
SInv    .            (no boots)
Will    .....        (no amulet) Stlth
                     (no ring)
HPRegen 0.24/turn    (no ring)
MPRegen 0.08/turn

%: no passive effects
@: no status effects
A: claws 1
a: no special abilities


You were on level 1 of the Dungeon.
You visited 1 branch of the dungeon, and saw 2 of its levels.

You collected 24 gold pieces.

Inventory:

Hand Weapons
 a - a +0 war axe (weapon)
Missiles
 e - 4 stones (quivered)
Armour
 b - a +0 scale mail (worn)
 c - a +0 buckler (worn)
Jewellery
 f - an amulet of faith
Potions
 d - a potion of might


   Skills:
 + Level 3.1 Fighting
 + Level 1.8 Axes
 + Level 2.8 Armour
 + Level 2.8 Shields


You had one spell level left.
You didn't know any spells.
Your spell library was empty.

Dungeon Overview and Level Annotations

Branches:
Dungeon (2/15)

Altars:


Innate Abilities, Weirdness & Mutations

You have sharp fingernails.


Message History

A hobgoblin and an endoplasm come into view.
Found a spear and 16 gold pieces.
The hobgoblin shouts!
The endoplasm quivers.
The bat barely misses you. The endoplasm hits you.
A kobold comes into view. It is wielding a +0 dagger.
The kobold shouts!
The bat hits you but does no damage.
The endoplasm hits you but does no damage.
The hobgoblin barely misses you. The bat barely misses you. x3
The endoplasm freezes you.
You are frozen.
You block the hobgoblin's attack. The bat closely misses you.
The endoplasm freezes you.
You are frozen.
The hobgoblin closely misses you.
The endoplasm hits you but does no damage.
You block the hobgoblin's attack. The bat hits you but does no damage.
The endoplasm hits you but does no damage.
You block the hobgoblin's attack. The bat hits you but does no damage.
The endoplasm jiggles.
The endoplasm freezes you.
You are frozen.
The hobgoblin barely misses you.
The kobold throws a stone.
You block the stone. The bat closely misses you.
The endoplasm hits you but does no damage.
You block the hobgoblin's attack.
The endoplasm hits you but does no damage.
The hobgoblin closely misses you. You block the kobold's attack.
The endoplasm freezes you.
You are frozen.
* * * LOW HITPOINT WARNING * * *
The hobgoblin hits you.
* * * LOW HITPOINT WARNING * * *
You block the kobold's attack. The endoplasm freezes you.
You are frozen.
You die...

#### ..# #.# .
##.################ ...
+..................
.....##.################
#bK@J..)... #.#.g......
#.####.$... # ....# #.#.
... #.


You could see an endoplasm, a hobgoblin, a bat and a kobold.

Vanquished Creatures
  A ball python (D:1)
  2 goblins
  A hobgoblin (D:1)
  A kobold (D:1)
  2 bats
7 creatures vanquished.

Notes
Turn   | Place    | Note
-------+----------+-------------------------------------------
     0 | D:1      | jlumianski the Demonspawn Fighter began the quest for the
                  | Orb.
     0 | D:1      | Reached XP level 1. HP: 18/18 MP: 1/1
   127 | D:1      | Gained mutation: You have sharp fingernails. [demonic
                  | ancestry]
   127 | D:1      | Reached XP level 2. HP: 24/24 MP: 2/2
   145 | D:1      | Frozen to death by an endoplasm

Illustrated notes

Levels and vault maps discovered:
D:1:      lemuel_arrival_cross, layout_basic
D:2:      layout_rooms, grunt_ministairs_14

Action                     || total
---------------------------++-------
  Melee: War axe           ||    16
 Armour: Scale mail        ||    19
  Dodge: Dodged            ||    18
  Block: Buckler           ||    10

Table legend: (Time is in decaauts)
 A = Elapsed time spent in this place.
 B = Non-inter-level travel time spent in this place.
 C = Inter-level travel time spent in this place.
 D = Time resting spent in this place.
 E = Time spent auto-exploring this place.
 F = Levels seen in this place.
 G = Mean time per level.
                   A        B        C        D        E       F      G
               +--------+--------+--------+--------+--------+-----+--------+
         Total |    153 |    153 |      0 |      0 |     79 |   2 |   76.5 |
       Dungeon |    153 |    153 |      0 |      0 |     79 |   2 |   76.5 |
               +--------+--------+--------+--------+--------+-----+--------+

Top non-repeatable levels by time:
     D:1: 130 daAuts
     D:2: 23 daAuts
